 Dungeon Crawl Stone Soup version 0.30.1-4-g462c640d31 (webtiles) character file.

Game seed: 17797269615719696427

146 Heoruswealwe the Trooper (level 4, -2/38 HPs)
             Began as a Demigod Fighter on Aug 15, 2023.
             Slain by an orc wizard
             ... wielding a +0 dagger
              (4 damage)
             ... on level 4 of the Dungeon.
             The game lasted 00:23:21 (2550 turns).

Heoruswealwe the Trooper (Demigod Fighter)          Turns: 2550, Time: 00:23:22

Health: -2/38      AC: 11    Str: 21    XL:     4   Next: 79%
Magic:  6/6        EV: 12    Int: 14    God:
Gold:   209        SH:  5    Dex: 15    Spells: 3/3 levels left

rFire   . . .        a - +0 war axe
rCold   + . .        d - +0 buckler
rNeg    . . .        c - +0 chain mail
rPois   .            g - +0 helmet
rElec   .            h - +0 cloak
rCorr   .            (no gloves)
SInv    .            (no boots)
Will    .....        (no amulet) Stlth
                     k - ring of Midnight {rC+ EV+5 Int+4 Dex+2}
HPRegen 0.26/turn    (no ring)
MPRegen 0.10/turn

%: no passive effects
@: hasted, very quick
A: high MP 1, forlorn, divine attributes
a: no special abilities


You were on level 4 of the Dungeon.
You visited 1 branch of the dungeon, and saw 4 of its levels.

You collected 209 gold pieces.

Inventory:

Hand Weapons
 a - a +0 war axe (weapon)
Armour
 c - a +0 chain mail (worn)
 d - a +0 buckler (worn)
 g - a +0 helmet (worn)
 h - a +0 cloak (worn)
Jewellery
 k - the ring of Midnight (left hand) {rC+ EV+5 Int+4 Dex+2}
   (You found it on level 2 of the Dungeon)

   [ring of evasion]

   EV:        It affects your evasion (+5).
   Int:       It affects your intelligence (+4).
   Dex:       It affects your dexterity (+2).
   rC:        It protects you from cold.
Scrolls
 e - a scroll of brand weapon
 f - a scroll of immolation
 i - a scroll of summoning
 m - 2 scrolls of teleportation
 q - a scroll of acquirement {unknown}
Potions
 b - 2 potions of might
 j - a potion of curing {unknown}
 n - a potion of lignification {unknown}
 o - a potion of haste
 p - a potion of brilliance {unknown}


   Skills:
 + Level 3.5 Fighting
 + Level 2.8 Axes
 + Level 3.4 Armour
 + Level 3.5 Shields


You had 3 spell levels left.
You didn't know any spells.
Your spell library contained the following spells:

 Spells                   Type           Power      Damage    Failure   Level
 Magic Dart               Conj           0%         1d3       94%         1
 Searing Ray              Conj           0%         2d4       98%         2
 Fulminant Prism          Conj/Hex       0%         3d5       100%        4
 Manifold Assault         Tloc           0%         N/A       100%        4
 Dispersal                Tloc           0%         N/A       100%        6
 Disjunction              Tloc           0%         N/A       100%        8


Dungeon Overview and Level Annotations

Branches:
Dungeon (4/15)             Temple (0/1) D:4

Shops:
D:3 (([


Innate Abilities, Weirdness & Mutations

You have an increased reservoir of magic. (+10% MP)
You shall have no god before yourself.
Your divine heritage dramatically boosts your attributes as you level up.


Message History

The orc wizard casts a spell.
The orc wizard flickers and vanishes!
Deactivating autopickup; reactivate with Ctrl-A.
The orc hits you but does no damage.
You barely miss the orc.
The orc is severely wounded.
You hit the iguana. You miss something. The iguana barely misses you.
The orc barely misses you. Something hits you.
* * * LOW HITPOINT WARNING * * *
The iguana bites you.
* * * LOW HITPOINT WARNING * * *
The orc hits you but does no damage. Something hits you but does no damage.
It was a potion of haste.
You feel yourself speed up. The iguana barely misses you.
Something hits you but does no damage. The orc hits you but does no damage.
You bump into the stone wall.
You hear some strange, mumbled words.
Something tries to affect you, but you resist.
A magic dart appears from out of thin air!
The magic dart hits you but does no damage.
You feel less confused. The iguana bites you.
* * * LOW HITPOINT WARNING * * *
You slash the iguana!
You kill the iguana!
You miss something.
You hear some strange, mumbled words.
A puff of flame appears from out of thin air!
The puff of flame hits you.
* * * LOW HITPOINT WARNING * * *
You closely miss something. You miss something. Something hits you.
* * * LOW HITPOINT WARNING * * *
Something hits you but does no damage. You block the orc's attack.
You miss something. You hit the orc. You barely miss something.
You closely miss the orc. The orc hits you but does no damage.
Something hits you but does no damage.
You barely miss something. You hit the orc but do no damage.
The orc misses you. Something hits you.
You die...

.#.. ...
##(....###.. ##
#.. .......$ ...
... #.....# ....
#.###..>..###....
##...#.....#......
#...:.........#
#......###...#
#.......#.@..#
#.......#o{..#
#...##....####
#...##).)##
#...#.).)...... ##
#...#....#####.
.## #...#.<..# ..#
#...#.....
.#######..#...(.#


You could see an orc.

Vanquished Creatures
  An iguana (D:4)
  Terence (D:2)
  A gnoll (D:1)
  2 adders (D:2)
  A worm (D:2)
  3 orcs (D:4)
  2 ball pythons
  5 bats
  5 endoplasms
  3 giant cockroaches
  5 hobgoblins
  9 jackals (D:1)
  A quokka (D:2)
  4 frilled lizards
  7 goblins
  4 kobolds
  2 rats
56 creatures vanquished.

Notes
Turn   | Place    | Note
-------+----------+-------------------------------------------
     0 | D:1      | Heoruswealwe the Demigod Fighter began the quest for the
                  | Orb.
     0 | D:1      | Reached XP level 1. HP: 18/18 MP: 3/3
   345 | D:1      | Reached XP level 2. HP: 25/25 MP: 4/4
   738 | D:1      | Reached XP level 3. HP: 30/31 MP: 5/5
  1230 | D:2      | Noticed Terence
  1238 | D:2      | Killed Terence
  1239 | D:2      | Reached XP level 4. HP: 32/38 MP: 6/6
  1336 | D:2      | Identified the ring of Midnight {rC+ EV+5 Int+4 Dex+2}
  1696 | D:3      | Found Sipisemo's Armour Shop.
  1865 | D:3      | Found Puggikla's Weapon Emporium.
  2451 | D:3      | Found Sinog's Antique Weapon Emporium.
  2521 | D:4      | Found a staircase to the Ecumenical Temple.
  2550 | D:4      | Slain by an orc wizard

Illustrated notes

Levels and vault maps discovered:
D:1:      ldierk_walled_garden_2, layout_loops_ring, serial_bayou_crossing
D:2:      layout_basic, uniq_terence
D:3:      layout_basic, serial_shops, nicolae_shop_hallway_stairs,
          nicolae_shop_behind_doors, nicolae_shop_bloodbath_and_beyond,
          patterned_corridor
D:4:      layout_gridville, minmay_temple_entry_tees

Skill      XL: |  1  2 |
---------------+-------+-----
Axes           | 2 |  2.8
Shields        | 3 |  3.5
Fighting       | 3 |  3.5
Armour         | 3 |  3.4

Action                     |  1- 3 |  4- 6 || total
---------------------------+-------+-------++-------
  Melee: War axe           |   347 |    68 ||   415
    Use: Scroll            |       |     4 ||     4
         Potion            |       |     1 ||     1
 Armour: Scale mail        |     7 |       ||     7
         Chain mail        |    62 |    37 ||    99
  Dodge: Dodged            |    40 |    42 ||    82
  Block: Buckler           |    24 |    22 ||    46
